 Dungeon Crawl Stone Soup version 0.31-a0-204-g7da18cac08 (webtiles) character file.

Game seed: 5375857928864275350

99981 Dylgear the Severer (level 16, -15/124 HPs)
             Began as a Formicid Fighter on June 27, 2023.
             Was the Champion of Wu Jian.
             Demolished by Asterion
             ... wielding a +2 spectral demon whip
              (43 damage)
             ... on level 3 of the Elven Halls.
             The game lasted 01:48:12 (27677 turns).

Dylgear the Severer (Formicid Fighter)             Turns: 27677, Time: 01:48:12

Health: -15/124    AC: 34    Str: 24    XL:     16   Next: 78%
Magic:  16/16      EV: 19    Int:  9    God:    Wu Jian [******]
Gold:   640        SH: 10    Dex: 17    Spells: 15/15 levels left

rFire   . . .        z - +6 battleaxe (heavy)
rCold   + . .        G - +2 buckler
rNeg    . . .        H - +7 plate armour "Manuophy" {rC+}
rPois   .            (helmet unavailable)
rElec   .            a - +2 cloak
rCorr   .            h - +1 pair of gloves
SInv    +            d - +2 pair of boots
Will    +....        v - amulet of the acrobat Stlth
                     I - +5 ring of evasion
HPRegen 0.40/turn    A - +5 ring of evasion
MPRegen 0.15/turn

%: acrobat
@: silenced, studying Shields
A: permanent stasis, dig shafts and tunnels, antennae 3, four strong arms
a: Dig, Shaft Self, Renounce Religion, Wall Jump


You were on level 3 of the Elven Halls.
You worshipped Wu Jian.
Wu Jian was exalted by your worship.
You visited 5 branches of the dungeon, and saw 23 of its levels.
You visited 1 bazaar.
You also visited: Bailey.

You collected 3468 gold pieces.
You spent 2828 gold pieces at shops.

Inventory:

Hand Weapons
 p - the +7 mace of Popular Demand {flame, rF++ Will- rCorr Str+3}
   (You found it on level 1 of the Lair of Beasts)

   Str:       It affects your strength (+3).
   rF:        It greatly protects you from fire.
   rCorr:     It protects you from acid and corrosion.
   Will:      It decreases your willpower.
 z - a +6 heavy battleaxe (weapon)
Missiles
 k - 10 boomerangs
 C - 2 javelins
Armour
 a - a +2 cloak (worn)
 d - a +2 pair of boots (worn)
 e - a +4 plate armour of poison resistance
 h - a +1 pair of gloves (worn)
 G - a +2 buckler (worn)
 H - the +7 plate armour "Manuophy" (worn) {rC+}
   (You bought it in a shop on level 2 of the Orcish Mines)

   rC:        It protects you from cold.
Jewellery
 m - a ring of protection from cold
 v - an amulet of the acrobat (around neck)
 x - an amulet of regeneration
 A - a +5 ring of evasion (right hand)
 I - a +5 ring of evasion (left hand)
Wands
 c - a wand of flame (6)
 f - a wand of mindburst (26)
 j - a wand of iceblast (6)
 y - a wand of digging (4)
Scrolls
 o - 5 scrolls of identify
 s - 3 scrolls of fog
 B - 6 scrolls of revelation
 D - a scroll of fear
Potions
 b - a potion of ambrosia
 i - 3 potions of invisibility
 l - 3 potions of attraction
 n - 8 potions of mutation
 q - 4 potions of curing
 r - 2 potions of enlightenment
 t - 2 potions of lignification
 E - a potion of might
Miscellaneous
 g - a lightning rod (4/4)
 w - a piece from Xom's chessboard (15/15)
 F - a sack of spiders


   Skills:
 + Level 10.9 Fighting
 + Level 0.7 Short Blades
 * Level 19.9(20.0) Axes
 + Level 3.5(13.5) Maces & Flails
 * Level 15.8 Armour
 + Level 2.9 Dodging
 + Level 1.2 Stealth
 * Level 15.7 Shields


You had 15 spell levels left.
You didn't know any spells.
Your spell library contained the following spells:

 Spells                   Type           Power      Damage    Failure   Level
 Ensorcelled Hibernation  Hex/Ice        0%         N/A       99%         2
 Lesser Beckoning         Tloc           0%         N/A       99%         2
 Momentum Strike          Conj/Tloc      0%         3d8       99%         2
 Poisonous Vapours        Pois/Air       0%         N/A       99%         2
 Sublimation of Blood     Necr           0%         N/A       99%         2
 Wereblood                Tmut           0%         N/A       99%         2
 Hailstorm                Conj/Ice       0%         3d3       100%        3
 Mephitic Cloud           Conj/Pois/Air  0%         N/A       100%        3
 Ozocubu's Armour         Ice            0%         N/A       100%        3
 Spider Form              Tmut/Pois      0%         N/A       100%        3
 Anguish                  Hex/Necr       0%         N/A       100%        4
 Ice Form                 Ice/Tmut       0%         N/A       100%        4
 Petrify                  Tmut/Erth      0%         N/A       100%        4
 Freezing Cloud           Conj/Ice/Air   0%         6-21      100%        5
 Iskenderun's Battlesphe  Conj           0%         2d6       100%        5
 Metabolic Englaciation   Hex/Ice        0%         N/A       100%        5
 Leda's Unmaking          Conj/Erth      0%         9d1       100%        6
 Simulacrum               Ice/Necr       0%         N/A       100%        6
 Statue Form              Tmut/Erth      0%         N/A       100%        6
 Malign Gateway           Summ/Tloc      0%         N/A       100%        7
 Spellforged Servitor     Conj/Summ      0%         N/A       100%        7
 Summon Hydra             Summ           0%         N/A       100%        7
 Summon Horrible Things   Summ           0%         N/A       100%        8
 Blink                    Tloc           Unusable   N/A       N/A         2

Dungeon Overview and Level Annotations

Branches:
Dungeon (12/15)            Temple (1/1) D:5            Lair (5/5) D:10
  Swamp (0/4) Lair:3       Spider (0/4) Lair:2        Slime (0/5) Lair:5
    Orc (2/2) D:12            Elf (3/3) Orc:2        Bailey (visited)

Altars:
Ashenzari
Cheibriados
Dithmenos
Elyvilon
Fedhas
Gozag
Hepliaklqana
Kikubaaqudgha
Makhleb
Nemelex Xobeh
Okawaru
Qazlal
Ru
Sif Muna
Trog
Uskayaw
Vehumet
Wu Jian
Xom
Yredelemnul
Zin
The Shining One
Jiyva
Lugonu

Shops:
D:7 =   D:11 *   Orc:1 :   Orc:2 **[[*   Elf:1 (   Elf:2 (

Portals:
Abyss: Lair:5

Annotations:
D:4 1 runed translucent door, AwFulAwFulPlayer's ghost, amateur TrDe; Blork the orc
D:9 Amaemon
D:12 3 runed translucent doors, Bunil's ghost, journeyman MiFi
Elf:1 6 runed translucent doors
Elf:3 1 runed translucent door, Asterion


Innate Abilities, Weirdness & Mutations

You cannot be hasted, slowed, berserked, paralysed or teleported.
You can dig through walls and to a lower floor.
You have a pair of large antennae on your head. (SInv)
Your four strong arms can wield two-handed weapons with a shield.


Message History

Asterion gores you but does no damage. Asterion completely misses you.
You block the +2 spectral demon whip's attack.
Asterion completely misses you.
A +2 spectral demon whip comes into view.
Asterion attacks as you move away! Asterion completely misses you.
The +2 spectral demon whip closely misses you.
Asterion misses you.
The +2 spectral demon whip moves out of view.
Asterion attacks as you move away! You block Asterion's attack.
Asterion completely misses you.
Asterion is no longer moving quickly.
Asterion misses you. Asterion completely misses you.
There is an open door here.
Okay, then.
Asterion attacks as you move away! Asterion completely misses you. x2
Asterion utters an invocation to Makhleb.
Asterion seems to speed up.
There is an open door here.
You close the door.
Asterion breaks down the door.
The deep elf archer gestures wildly while chanting.
The deep elf archer blinks!
Okay, then.
Magic scrolls do not work when you're silenced!
Unknown command.
Asterion completely misses you.
The +2 spectral demon whip completely misses you.
Asterion misses you.
A +2 spectral demon whip comes into view.
Asterion conjures a destructive force in the name of Makhleb!
The bolt of fire misses you.
The deep elf knight wields a +0 longbow.
The deep elf knight shoots an arrow.
The arrow completely misses you.
Magic scrolls do not work when you're silenced!
Unknown command.
The +2 spectral demon whip disappears.
Your hearing returns.
As you read the scroll of silence, it crumbles to dust.
A profound silence engulfs you.
The deep elf knight is no longer moving quickly.
Asterion hits you with a +2 spectral demon whip!!!
You die...

#####,* **+,,,,*
*,,,,,,,* * *{*
**,***,,* **+*,,,***
****#+###***,** ****
**,****** **,......##.**
**,** +,........'#*
#####,** ,,.........##
##...+#* ,...........#
##...!.##
............####.......#
...<.......['..'@H.....#
.....8......####.......#
......(.....# ##.....##
............# ##...#e##
............# ######.##
.).........## ##.##*##
+.........## #####
##.##.# ##...<...##
#...# ##'#.## *####'####
###...### ##...#


You could see Asterion (fast, strong) and a deep elf knight (invisible).

Vanquished Creatures
  A deep elf sorcerer (Elf:1)
  2 deep elf demonologists (Elf:1)
  A deep elf high priest (Elf:1)
  A ragged hierophant (Elf:1)
  5 hydras
  18 dancing weapons
  The ghost of TittyCrusher the Magician, a journeyman OpHW of Vehumet (Lair:1)
  A centaur warrior (Orc:2)
  2 boulder beetles
  4 two-headed ogres
  2 orc high priests
  2 thrashing horrors (Lair:5)
  Nergalle (Lair:3)
  12 deep elf knights
  A fire crab (Lair:5)
  A steelbarb worm (shapeshifter) (Elf:1)
  A lindwurm (Lair:4)
  20 deep elf pyromancers
  19 deep elf zephyrmancers
  An orc sorcerer (Elf:2)
  7 deep elf archers
  An orc knight (Orc:2)
  2 wolf spiders (Lair:2)
  A mana viper (shapeshifter) (Lair:5)
  2 manticores
  5 ugly things
  3 oklob plants
  3 cyclopes
  5 elephants (Lair:5)
  3 torpor snails
  An eye of devastation (shapeshifter) (Lair:5)
  A smoke demon (Lair:5)
  5 black mambas
  Maggie (D:7)
  9 komodo dragons
  6 cane toads
  3 rime drakes
  An ancient zyme (Lair:5)
  4 trolls
  A polar bear (Lair:5)
  Prince Ribbit (D:5)
  21 blink frogs
  2 hornets
  2 saltlings (Elf:1)
  4 dream sheep
  9 small abominations (Lair:5)
  An air elemental (Elf:1)
  A shadow (D:12)
  A spriggan (Lair:5)
  2 vampires (D:12)
  2 wyverns
  2 ynoxinuls (Lair:5)
  5 water elementals
  2 wraiths
  7 basilisks
  42 yaks
  2 steam dragons
  2 large abominations (Lair:5)
  2 chaos spawn (Lair:5)
  Eustachio (D:4)
  2 fire elementals (Elf:1)
  A redback (Lair:2)
  8 vampire mosquitoes
  2 wargs
  4 acid dragons
  19 water moccasins
  2 black bears
  A sky beast (D:8)
  40 orc warriors
  Pargi (D:3)
  7 wolves (Lair:5)
  4 ogres
  15 centaurs
  A kobold brigand (D:11)
  6 bullfrogs
  3 scorpions
  4 earth elementals
  6 wights
  4 electric eels
  8 jellies
  A gnoll bouda (D:12)
  18 orc priests
  4 hounds
  4 iguanas
  Ijyb (D:5)
  2 sleepcaps
  29 orc wizards
  20 gnolls
  4 adders
  2 river rats (D:8)
  A shadow imp (D:7)
  A white imp (D:5)
  4 dart slugs
  101 orcs
  4 endoplasms
  3 giant cockroaches
  7 goblins
  2 hobgoblins
  3 quokkas
  4 ball pythons
  7 bats
  6 frilled lizards
  10 kobolds
  27 rats
674 creatures vanquished.

Vanquished Creatures (others)
  A deep elf zephyrmancer (Elf:1)
  A spriggan (Lair:5)
  A sky beast (D:6)
  An orc (Elf:1)
4 creatures vanquished.

Grand Total: 678 creatures vanquished

Notes
Turn   | Place    | Note
-------+----------+-------------------------------------------
     0 | D:1      | Dylgear the Formicid Fighter began the quest for the Orb.
     0 | D:1      | Reached XP level 1. HP: 18/18 MP: 1/1
    92 | D:1      | Reached XP level 2. HP: 24/24 MP: 2/2
   344 | D:1      | Reached XP level 3. HP: 27/29 MP: 3/3
   836 | D:2      | Found a snail-covered altar of Cheibriados.
  1211 | D:2      | Reached XP level 4. HP: 37/37 MP: 4/4
  1324 | D:3      | Noticed Pargi
  1578 | D:3      | Killed Pargi
  1579 | D:3      | Reached skill level 3 in Axes
  1579 | D:3      | Reached XP level 5. HP: 19/42 MP: 5/5
  2031 | D:4      | Noticed Blork the orc
  2117 | D:4      | Noticed Eustachio
  2156 | D:4      | Reached skill level 4 in Axes
  2190 | D:4      | Reached XP level 6. HP: 48/48 MP: 6/6
  2208 | D:4      | Noticed a black bear
  2214 | D:4      | Killed a black bear
  2215 | D:4      | Reached skill level 5 in Shields
  2291 | D:4      | Killed Eustachio
  2292 | D:4      | Reached skill level 5 in Axes
  2292 | D:4      | Reached XP level 7. HP: 27/55 MP: 7/7
  2422 | D:5      | Entered Level 5 of the Dungeon
  2590 | D:4      | Found a runed translucent door.
  2590 | D:4      | Noticed AwFulAwFulPlayer's ghost (amateur TrDe)
  2844 | D:4      | Found a hide-covered altar of Uskayaw.
  3070 | D:5      | Found a staircase to the Ecumenical Temple.
  3078 | D:5      | Noticed Ijyb
  3082 | Temple   | Entered the Ecumenical Temple
  3099 | Temple   | Became a worshipper of the Wu Jian Council
  3156 | D:5      | Reached skill level 5 in Armour
  3171 | D:5      | Killed Ijyb
  3506 | D:5      | Found an opulent altar of Gozag.
  3527 | D:5      | Reached skill level 6 in Axes
  3527 | D:5      | Reached XP level 8. HP: 21/61 MP: 8/8
  3693 | D:5      | Noticed Prince Ribbit
  3707 | D:5      | Killed Prince Ribbit
  3820 | D:5      | Reached skill level 1 in Dodging
  3984 | D:6      | Reached skill level 7 in Axes
  4173 | D:5      | Reached skill level 5 in Fighting
  4683 | D:7      | Identified the +8 dagger of Veenwok {venom, rPois}
  4752 | D:6      | Reached XP level 9. HP: 68/68 MP: 9/9
  4775 | D:6      | Reached * piety under Wu Jian
  5230 | D:7      | Noticed Maggie
  5242 | D:7      | Killed Maggie
  5243 | D:7      | Reached skill level 8 in Axes
  5651 | D:7      | Found Umaopan's Jewellery Shoppe.
  5773 | D:7      | Found a glowing silver altar of Zin.
  5774 | D:7      | Found a snail-covered altar of Cheibriados.
  5775 | D:7      | Found a glowing golden altar of the Shining One.
  5775 | D:7      | Found a sparkling altar of Nemelex Xobeh.
  6196 | D:8      | Found a shimmering altar of Xom.
  6411 | D:8      | Identified a scroll of acquirement
  6411 | D:8      | Acquired a +4 heavy battleaxe
  6683 | D:8      | Reached ** piety under Wu Jian
  6758 | D:8      | Reached skill level 9 in Axes
  7038 | D:9      | Found a flagged portal.
  7045 | Bailey   | Entered a bailey
  7250 | Bailey   | Reached XP level 10. HP: 71/73 MP: 10/10
  7401 | Bailey   | Noticed an orc knight
  7866 | D:9      | Reached skill level 10 in Axes
  8113 | D:9      | Found a broken altar of Ashenzari.
  8123 | D:9      | Noticed an orange demon
  8124 | D:9      | Noticed Amaemon
  8164 | D:10     | Entered Level 10 of the Dungeon
  8364 | D:10     | Noticed a two-headed ogre
  8376 | D:10     | Killed a two-headed ogre
  8377 | D:10     | Reached skill level 1 in Stealth
  8430 | D:10     | Found a staircase to the Lair.
  8434 | Lair:1   | Entered Level 1 of the Lair of Beasts
  8434 | Lair:1   | Noticed a rime drake
  8434 | Lair:1   | Noticed a cane toad
  8510 | D:10     | Reached *** piety under Wu Jian
  8847 | D:10     | Identified the +0 chain mail of the Eternal Void {Contam
                  | Harm Str+6}
  8862 | D:10     | Noticed a cyclops
  8868 | D:10     | Killed a cyclops
  8869 | D:10     | Reached skill level 11 in Axes
  8892 | D:10     | Reached XP level 11. HP: 62/81 MP: 11/11
  9525 | D:11     | Reached skill level 10 in Armour
  9679 | D:11     | Reached skill level 12 in Axes
  9754 | D:11     | Noticed a purple ugly thing
  9912 | D:11     | Noticed a boulder beetle
  9922 | D:11     | Killed a boulder beetle
 10064 | D:11     | Killed a purple ugly thing
 10543 | D:11     | Found Micot's General Store.
 10568 | D:11     | Found a sparkling altar of Nemelex Xobeh.
 10744 | D:12     | Noticed a two-headed ogre
 10949 | D:12     | Noticed a white ugly thing
 10954 | D:12     | Killed a white ugly thing
 11120 | D:12     | Killed a two-headed ogre
 11168 | D:12     | Reached skill level 13 in Axes
 11171 | D:12     | Reached **** piety under Wu Jian
 11247 | D:12     | Found a staircase to the Orcish Mines.
 11256 | Orc:1    | Entered Level 1 of the Orcish Mines
 11258 | Orc:1    | Noticed an orc high priest
 11333 | D:12     | Found a runed translucent gate.
 11333 | D:12     | Found a runed translucent gate.
 11333 | D:12     | Found a runed translucent gate.
 11336 | D:12     | Noticed Bunil's ghost (journeyman MiFi)
 11379 | D:12     | Noticed a two-headed ogre
 11387 | D:12     | Killed a two-headed ogre
 11388 | D:12     | Reached XP level 12. HP: 73/89 MP: 12/12
 11811 | D:12     | Noticed a two-headed ogre
 11816 | D:12     | Killed a two-headed ogre
 12253 | D:10     | Reached skill level 14 in Axes
 12974 | Lair:1   | Found a runed translucent door.
 12978 | Lair:1   | Noticed TittyCrusher's ghost (journeyman OpHW)
 13644 | Lair:2   | Noticed a six-headed hydra
 13902 | Lair:2   | Found a hole to the Spider Nest.
 14441 | Lair:1   | Killed TittyCrusher's ghost
 14442 | Lair:1   | Reached skill level 10 in Shields
 14442 | Lair:1   | Reached XP level 13. HP: 96/96 MP: 13/13
 14458 | Lair:1   | Identified the +7 mace of Popular Demand {flame, rF++ Will-
                  | rCorr Str+3}
 14588 | Lair:2   | Killed a six-headed hydra
 14839 | Lair:2   | Reached skill level 1 in Maces & Flails
 14846 | Lair:2   | Reached skill level 15 in Axes
 14966 | Lair:2   | Noticed a five-headed hydra
 14973 | Lair:2   | Killed a six-headed hydra
 15414 | Lair:3   | Noticed Nergalle
 15422 | Lair:3   | Killed Nergalle
 15661 | Lair:3   | Found a blossoming altar of Fedhas.
 15885 | Lair:3   | Noticed a four-headed hydra
 15894 | Lair:3   | Killed a four-headed hydra
 15977 | Lair:3   | Found a staircase to the Swamp.
 16042 | Lair:3   | Reached ***** piety under Wu Jian
 16726 | Lair:4   | Reached skill level 16 in Axes
 17008 | Lair:4   | Reached XP level 14. HP: 76/106 MP: 14/14
 18043 | Lair:5   | Entered Level 5 of the Lair of Beasts
 18630 | Lair:5   | Found a viscous altar of Jiyva.
 18639 | Lair:5   | Found a staircase to the Slime Pits.
 19461 | Lair:5   | Reached skill level 17 in Axes
 20159 | Lair:5   | Reached ****** piety under Wu Jian
 20298 | Lair:5   | Found a corrupted altar of Lugonu.
 20298 | Lair:5   | Found a one-way gate to the infinite horrors of the Abyss.
 20927 | Orc:1    | Reached XP level 15. HP: 105/114 MP: 15/15
 21032 | Orc:1    | Found Ariumnuomo's Book Boutique.
 21176 | Orc:2    | Entered Level 2 of the Orcish Mines
 21176 | Orc:2    | Found a staircase to the Elven Halls.
 21272 | Orc:2    | Found Vibygiw's Overcharged Wands.
 21930 | Orc:2    | Reached skill level 18 in Axes
 22091 | Orc:2    | Found Ifysch Siuna's General Store.
 22091 | Orc:2    | Found Vugiler's Antique Armour Boutique.
 22093 | Orc:2    | Found Ludub's Antique Armour Shop.
 22095 | Orc:2    | Found Suyfusel's General Store.
 22179 | Orc:2    | Bought a scroll of enchant weapon for 97 gold pieces
 22179 | Orc:2    | Bought the +7 plate armour "Manuophy" {rC+} for 936 gold
                  | pieces
 22199 | Orc:2    | Bought a pair of encrusted gloves for 323 gold pieces
 22199 | Orc:2    | Identified the +0 pair of gloves of Parts Unknown {rElec
                  | Str-5 SInv} (You bought it in a shop on level 2 of the
                  | Orcish Mines)
 22462 | D:11     | Bought a scroll of acquirement for 572 gold pieces
 22544 | Orc:2    | Acquired a manual of Shields
 22550 | Elf:1    | Entered Level 1 of the Elven Halls
 22855 | Elf:1    | Found Sielu's Antique Weapon Shop.
 23019 | Elf:1    | Found a crumbling gateway.
 23776 | Elf:1    | Reached skill level 10 in Fighting
 24715 | D:7      | Bought a +5 ring of evasion for 432 gold pieces
 24899 | Elf:1    | Found a runed translucent gate.
 24899 | Elf:1    | Found a runed translucent gate.
 24899 | Elf:1    | Found a runed translucent gate.
 24899 | Elf:1    | Found a runed translucent gate.
 24899 | Elf:1    | Found a runed translucent gate.
 24900 | Elf:1    | Noticed a shadow dragon
 24900 | Elf:1    | Noticed a storm dragon
 24901 | Elf:1    | Found a runed translucent gate.
 25004 | Elf:1    | Noticed a deep elf sorcerer
 25014 | Elf:1    | Killed a deep elf sorcerer
 25015 | Elf:1    | Reached XP level 16. HP: 102/122 MP: 16/16
 25023 | Elf:1    | Reached skill level 19 in Axes
 25421 | Elf:1    | Reached skill level 15 in Armour
 26393 | Elf:2    | Reached skill level 15 in Shields
 27169 | Elf:2    | Found Qigugred's Weapon Shop.
 27191 | Elf:3    | Entered Level 3 of the Elven Halls
 27191 | Elf:3    | Found a runed translucent door.
 27284 | Elf:3    | Found a flickering gateway to a bazaar.
 27293 | Bazaar   | Entered a bazaar
 27363 | Bazaar   | Found Xoqeisee's Magic Scroll Boutique.
 27388 | Bazaar   | Found Acwat's Armour Shop.
 27428 | Bazaar   | Found Faraux's Book Boutique.
 27433 | Bazaar   | Found Ludoc's Distillery.
 27454 | Bazaar   | Bought a potion of invisibility for 80 gold pieces
 27454 | Bazaar   | Bought a potion of curing for 30 gold pieces
 27454 | Bazaar   | Bought a potion of curing for 30 gold pieces
 27454 | Bazaar   | Bought a potion of heal wounds for 50 gold pieces
 27454 | Bazaar   | Bought a potion of heal wounds for 50 gold pieces
 27472 | Bazaar   | Bought a scroll of fog for 48 gold pieces
 27472 | Bazaar   | Bought a scroll of revelation for 90 gold pieces
 27472 | Bazaar   | Bought a scroll of revelation for 90 gold pieces
 27618 | Elf:3    | Noticed Asterion
 27677 | Elf:3    | Demolished by Asterion

Illustrated notes

Levels and vault maps discovered:
D:1:      minmay_arrival_nine_rooms, layout_loops_ring, minmay_split_cup_small
D:2:      layout_rooms, basic_altar
D:3:      layout_rooms, uniq_pargi
D:4:      layout_basic, nicolae_uskayaw_suspiria, ebering_ghost_inner_flame,
          minivault_27, uniq_eustachio, uniq_blork_the_orc
D:5:      layout_basic, mainiacjoe_overflow_brackets, minmay_temple_entry_grid,
          uniq_ijyb, uniq_prince_ribbit1
D:6:      layout_rooms
D:7:      layout_basic, mainiacjoe_overflow_alcove_3, serial_shops, shop,
          uniq_maggie
D:8:      layout_loops_cross, kennysheep_diamond, dk_rats_in_the_wall
D:9:      mumra_celtic_spiral_tile, layout_layer_cave,
          mainiacjoe_overflow_surrounded_room, enter_bailey_2, uniq_amaemon
D:10:     layout_basic, lair_entry_dummy, dreamdust_wishing_well
D:11:     layout_layer_cave, serial_shops, nicolae_shop_window_shopping,
          nemelex_xobeh_ov_fountains_minmay
D:12:     layout_rooms, david_orc_4, gammafunk_ghost_nasty_kobolds
Temple:   eino_wide_crystal_templ
Lair:1:   layout_small_grid, gammafunk_ghost_grave,
          chequers_serial_rivers_room_a, lemuel_fruit_tree, serial_bayou_shore_a
Lair:2:   layout_small_grid, spider_nest_entry_funnel_web, grunt_megastairs_2
Lair:3:   layout_chaotic_city, swamp_mist, hangedman_tree_tricks,
          chequers_serial_rivers_micro_e, serial_bayou_ford_a, uniq_nergalle
Lair:4:   layout_regular_city, serial_bayou, serial_bayou_pond_b,
          serial_bayou_lagoon_b, serial_bayou_crossing, serial_bayou_lake_a,
          serial_bayou_pond_d, gauntlet_entry_generic, serial_bayou_pond_e,
          serial_bayou_pond_e, chequers_serial_rivers_micro_b
Lair:5:   hellmonk_lair_end_abyssal_woods, layout_long_grid,
          nicolae_slime_entry_field_trip, dreamdust_mushroom_princess,
          nicolae_lair_lakeside_cave
Orc:1:    layout_caves, serial_shops, nicolae_book_shop_shelving
Orc:2:    st_orc_rangers, layout_diamond_mine, special_room,
          nicolae_shop_overcharged_wands
Elf:1:    eino_elf_arrival_customs, layout_geoelf_grid,
          portal_desolation_entry_nicolae_nacl, serial_shops, shop, orc_legates
Elf:2:    elven_hall_of_blades_hangedman_original
          [nicolae_blade_entry_diamond_columns], layout_geoelf_grid,
          serial_shops, shop
Elf:3:    grunt_elf_hall_asides, layout_geoelf_octagon,
          ebering_ghost_reflecting_pool, serial_shops, bzr_firewalk,
          uniq_asterion

Skill      XL: |  1  2  3  4  5  6  7  8  9 10 11 12 13 14 15 16 |
---------------+-------------------------------------------------+-----
Fighting       | 4 5 6 7 8 9 10 | 10.9
Axes           | 3 4 5 6 7 9 11 13 14 16 17 18 19 | 19.9
Armour         | 4 5 7 8 9 10 12 13 14 15 | 15.8
Shields        | 5 6 7 8 9 10 11 12 14 15 | 15.7
Dodging        | 1 2 |  2.9
Stealth        | 1 |  1.2
Maces & Flails | 2 3 |  3.5
Short Blades   | |  0.7

Action                     |  1- 3 |  4- 6 |  7- 9 | 10-12 | 13-15 | 16-18 || total
---------------------------+-------+-------+-------+-------+-------+-------++-------
  Melee: War axe           |    90 |    65 |   152 |       |       |       ||   307
         Battleaxe         |       |       |    59 |   343 |   697 |   189 ||  1288
         Dagger            |       |       |       |    17 |       |       ||    17
         Mace              |       |       |       |       |    94 |       ||    94
 Invoke: Serpent's Lash    |       |       |       |     2 |       |     1 ||     3
Ability: Lunge             |       |       |     6 |    23 |    60 |    17 ||   106
         Dig               |       |       |     3 |     1 |       |     1 ||     5
         Whirlwind         |       |       |       |    16 |    22 |    11 ||    49
         Wall Jump         |       |       |       |     7 |     5 |     1 ||    13
    Use: Scroll            |       |     9 |    10 |    13 |     5 |     3 ||    40
         Potion            |       |     1 |       |     7 |     4 |     5 ||    17
 Armour: Scale mail        |     7 |       |       |       |       |       ||     7
         Chain mail        |    44 |   100 |   114 |       |       |       ||   258
         Plate armour      |       |       |     5 |   278 |   595 |    89 ||   967
         Skin              |       |       |       |    11 |       |       ||    11
  Dodge: Dodged            |    28 |    65 |   122 |   184 |   363 |   137 ||   899
  Block: Buckler           |    24 |    42 |    69 |   122 |   295 |    81 ||   633

Table legend: (Time is in decaauts)
 A = Elapsed time spent in this place.
 B = Non-inter-level travel time spent in this place.
 C = Inter-level travel time spent in this place.
 D = Time resting spent in this place.
 E = Time spent auto-exploring this place.
 F = Levels seen in this place.
 G = Mean time per level.
                   A        B        C        D        E       F      G
               +--------+--------+--------+--------+--------+-----+--------+
         Total |  28435 |  26759 |   1676 |   7520 |   9661 |  25 | 1137.4 |
       Dungeon |  12743 |  11555 |   1188 |   2471 |   5853 |  12 | 1061.9 |
        Temple |     61 |     49 |     12 |      0 |     32 |   1 |   61.0 |
          Lair |   8478 |   8197 |    281 |   2375 |   3161 |   5 | 1695.6 |
  Orcish Mines |   2198 |   2096 |    102 |    589 |    560 |   2 | 1099.0 |
   Elven Halls |   4234 |   4142 |     92 |   1973 |     55 |   3 | 1411.3 |
        Bazaar |    295 |    295 |      0 |      0 |      0 |   1 |  295.0 |
        Bailey |    423 |    423 |      0 |    112 |      0 |   1 |  423.0 |
               +--------+--------+--------+--------+--------+-----+--------+

Top non-repeatable levels by time:
   Elf:1: 3494 daAuts
  Lair:5: 2297 daAuts
    D:10: 1938 daAuts
  Lair:4: 1739 daAuts
  Lair:1: 1724 daAuts
    D:11: 1560 daAuts
  Lair:2: 1507 daAuts
   Orc:2: 1497 daAuts
     D:4: 1286 daAuts
     D:5: 1236 daAuts
  Lair:3: 1208 daAuts
    D:12: 1173 daAuts
     D:7: 1108 daAuts
     D:8: 926 daAuts
     D:9: 816 daAuts
